Map: Daybreak LE (Void)

Players

ArT

  • Race: Protoss Protoss
  • League: Master
  • Spawn Location: 7:00

Elazer

  • Race: Protoss Protoss
  • League: Master
  • Spawn Location: 1:00

Rodzyn (Elazer)

  • Race: Terran Terran
  • League: Master

soul

  • Race: Terran Terran
  • League: Master

VOD

Have the link to the VOD?

Description

Time

  • Played on: Nov. 26, 2016, 3:36 p.m.
  • Length: 9:39
Show
View Real Time Build Order
Export as new Build Order

ArT Protoss 

Build Orders: 1 Gate Expand, Blink Stalkers 

Get SALT Encoding   

  12  0:00  Probe (Chrono Boost)  
  13  0:11  Probe (Chrono Boost)  
  14  0:18  Pylon  
  14  0:22  Probe (Chrono Boost)  
  15  0:36  Probe (Chrono Boost), Gateway  
  15  0:42  Assimilator  
  16  0:46  Probe (Chrono Boost)  
  17  0:57  Probe (Chrono Boost)  
  18  1:08  Probe (Chrono Boost)  
  19  1:21  Nexus  
  19  1:26  Probe (Chrono Boost)  
  20  1:34  Cybernetics Core  
  20  1:38  Probe (Chrono Boost)  
  21  1:43  Assimilator  
  21  1:49  Probe (Chrono Boost)  
  21  1:54  Pylon  
  22  1:59  Probe (Chrono Boost)  
  23  2:12  Warp Gate, Mothership Core (Chrono Boost)  
  25  2:18  Stalker  
  27  2:32  Probe (Chrono Boost)  
  27  2:33  Probe (Chrono Boost)  
  29  2:40  Twilight Council  
  29  2:43  Probe (Chrono Boost)  
  31  2:44  Probe (Chrono Boost)  
  31  2:53  Probe (Chrono Boost)  
  31  2:55  Probe (Chrono Boost)  
  33  3:02  Robotics Facility  
  33  3:04  Probe (Chrono Boost)  
  33  3:05  Probe (Chrono Boost)  
  35  3:10  Blink  
  37  3:15  Probe (Chrono Boost)  
  37  3:16  Probe (Chrono Boost)  
  37  3:26  Probe (Chrono Boost)  
  38  3:30  Gateway x2  
  38  3:32  Probe (Chrono Boost)  
  39  3:39  Probe (Chrono Boost)  
  40  3:43  Probe (Chrono Boost)  
  40  3:44  Pylon  
  40  3:47  Observer  
  40  3:48  Assimilator  
  41  3:51  Probe (Chrono Boost)  
  41  3:55  Probe (Chrono Boost)  
  45  4:03  Probe (Chrono Boost)  
  45  4:11  Observer  
  45  4:12  Nexus  
  45  4:13  Probe (Chrono Boost)  
  45  4:15  Probe (Chrono Boost)  
  45  4:16  Pylon  
  48  4:22  Stalker  
  50  4:27  Pylon  
  50  4:28  Probe x2 (Chrono Boost)  
  50  4:29  Stalker  
  54  4:38  Stalker  
  58  4:46  Probe x2 (Chrono Boost)  
  58  4:48  Pylon, Stalker  
  60  4:54  Stalker  
  60  4:57  Forge  
  60  4:58  Resonating Glaives  
  60  4:59  Probe x2 (Chrono Boost)  
  64  5:02  Stalker  
  66  5:08  Pylon  
  66  5:11  Probe x2 (Chrono Boost)  
  68  5:16  Protoss Ground Weapons Level 1  
  68  5:23  Probe (Chrono Boost)  
  68  5:26  Probe x2 (Chrono Boost)  
  72  5:36  Probe x2 (Chrono Boost), Sentry  
  72  5:37  Sentry  
  77  5:46  Gateway  
  77  5:47  Gateway  
  77  5:49  Sentry  
  81  5:50  Probe x2 (Chrono Boost)  
  81  5:51  Warp Prism, Gateway x2  
  81  5:53  Gateway  
  83  5:59  Pylon  
  83  6:02  Assimilator  
  84  6:04  Probe x3 (Chrono Boost)  
  84  6:13  Adept x3  
  84  6:17  Probe x3 (Chrono Boost)  
  93  6:25  Observer  
  93  6:29  Probe (Chrono Boost), Pylon  
  95  6:36  Stalker x3  
  101  6:50  Adept x4  
  101  6:51  Pylon  
  109  6:57  Pylon  
  109  7:05  Pylon  
  109  7:07  Adept x4  
  117  7:12  Adept x4  
  117  7:18  Protoss Ground Armor Level 1  
  117  7:19  Probe x2 (Chrono Boost)  
  117  7:22  Adept x4  
  125  7:33  Pylon  
  125  7:35  Gateway, Stalker x2  
  125  7:36  Pylon  
  116  7:42  Probe (Chrono Boost)  
  114  7:44  Probe (Chrono Boost)  
  114  7:45  Probe (Chrono Boost), Adept x5  
  114  7:49  Adept  
  122  7:54  Probe (Chrono Boost)  
  121  7:59  Adept x2  
  123  8:07  Adept x5  
  124  8:15  Probe (Chrono Boost), Adept  
  124  8:16  Probe (Chrono Boost)  
  128  8:23  Adept x2  
  108  8:29  Adept x5  
  114  8:36  Adept  
  114  8:39  Assimilator  
  114  8:41  Assimilator  
  118  8:42  Probe x2 (Chrono Boost)  
  118  8:52  Dark Shrine  
  118  8:53  Adept x7  
  130  9:02  Stalker x2  
  114  9:14  Adept x7  
Show
View Real Time Build Order
Export as new Build Order

Elazer Protoss 

Build Orders:  

Get SALT Encoding   

  12  0:00  SCV  
  13  0:12  SCV  
  14  0:17  Supply Depot  
  14  0:25  SCV  
  15  0:39  SCV  
  15  0:41  Barracks  
  16  0:45  Refinery  
  16  0:51  SCV  
  17  1:03  SCV  
  18  1:16  SCV  
  19  1:28  Orbital Command, Marine  
  20  1:40  Command Center  
  20  1:51  Barracks Reactor  
  20  1:55  SCV  
  20  1:56  Supply Depot  
  21  2:07  SCV  
  22  2:19  SCV  
  23  2:29  Command Center  
  23  2:30  Marine  
  23  2:32  Marine  
  23  2:35  SCV  
  26  2:43  Barracks  
  26  2:48  SCV  
  27  2:54  Orbital Command  
  27  2:55  Marine  
  27  2:57  Marine  
  29  3:02  SCV  
  30  3:09  Engineering Bay  
  30  3:13  Marine  
  30  3:15  Marine, SCV  
  30  3:19  SCV  
  35  3:27  SCV  
  35  3:30  Barracks Tech Lab  
  35  3:31  Marine  
  35  3:32  Marine, SCV  
  38  3:37  Missile Turret  
  38  3:39  SCV  
  39  3:42  Orbital Command  
  39  3:44  SCV  
  40  3:50  Marine  
  40  3:51  Stimpack, Marine, SCV  
  40  3:52  Marine  
  44  3:56  SCV  
  44  4:02  Barracks  
  45  4:03  SCV  
  45  4:08  Factory, SCV  
  45  4:09  SCV  
  48  4:15  SCV  
  48  4:18  Refinery  
  48  4:19  Marine  
  48  4:20  Refinery, SCV  
  48  4:22  SCV  
  51  4:24  Marine  
  51  4:26  Supply Depot, Marine  
  51  4:29  SCV  
  54  4:33  SCV  
  54  4:34  SCV  
  54  4:36  Terran Infantry Weapons Level 1  
  54  4:37  Marine  
  57  4:41  SCV  
  57  4:45  SCV  
  59  4:48  Marauder, Marine  
  59  4:50  Supply Depot  
  62  4:53  SCV  
  62  4:56  Starport  
  62  4:57  Factory Reactor, SCV  
  64  5:00  Barracks Tech Lab  
  64  5:04  Refinery  
  64  5:05  SCV  
  64  5:06  Orbital Command  
  65  5:09  Supply Depot, SCV  
  65  5:12  Supply Depot  
  65  5:13  Supply Depot  
  66  5:18  SCV  
  66  5:19  Combat Shields  
  68  5:21  SCV  
  68  5:23  Marine  
  68  5:24  Marauder  
  71  5:30  Marine, SCV  
  71  5:33  SCV  
  71  5:35  Marauder  
  75  5:39  Medivac  
  75  5:41  Marine, SCV  
  75  5:42  SCV  
  79  5:45  Medivac, SCV, Marine  
  82  5:50  Marine  
  82  5:51  Concussive Shells  
  82  5:52  Factory Reactor  
  82  5:53  SCV  
  82  5:54  SCV  
  82  5:56  Marauder  
  87  5:57  SCV  
  85  6:05  SCV  
  85  6:06  Barracks x2, Supply Depot, SCV  
  85  6:08  Supply Depot  
  85  6:09  SCV  
  87  6:12  Marauder, Marine  
  87  6:17  SCV  
  91  6:18  SCV  
  91  6:19  Medivac x2  
  91  6:20  Marine  
  91  6:21  Marauder, SCV  
  98  6:26  Refinery  
  98  6:28  Widow Mine  
  98  6:29  Widow Mine, Marine, SCV  
  98  6:31  SCV  
  103  6:40  Barracks, Marine  
  103  6:41  Barracks x2, Marauder  
  105  6:47  Ghost Academy  
  105  6:49  Medivac  
  105  6:50  Medivac  
  105  6:51  Marine  
  105  6:52  Marauder  
  105  6:53  SCV  
  113  6:55  SCV  
  113  6:57  Widow Mine  
  116  7:05  SCV  
  117  7:10  Marine  
  117  7:11  Marine  
  117  7:13  Barracks Tech Lab x2  
  117  7:16  Widow Mine  
  117  7:18  Ghost, Supply Depot  
  117  7:19  Ghost, Supply Depot  
  122  7:22  Supply Depot  
  122  7:26  Widow Mine  
  122  7:28  Marine  
  122  7:29  Marine  
  125  7:34  Ghost  
  125  7:35  Marauder, Marine  
  121  7:39  Marine  
  119  7:48  Supply Depot x2  
  118  7:56  Liberator  
  113  8:01  Liberator  
  113  8:02  Supply Depot  
  113  8:04  Supply Depot  
  113  8:05  Marine x2  
  109  8:06  Marine  
  109  8:07  Marine  
  109  8:09  Ghost  
  109  8:10  Marauder x3  
  115  8:14  Marine  
  118  8:23  Marine x2  
  118  8:24  Marine  
  118  8:25  Orbital Command  
  118  8:26  Marine  
  94  8:31  Marauder x3  
  94  8:32  Marine  
  87  8:37  Widow Mine x2  
  87  8:38  Marauder  
  87  8:41  Marine  
  92  8:46  Marine  
  92  8:47  Marine  
  82  8:53  Marauder x3  
  80  8:56  Medivac, Marine  
  80  9:01  Medivac  
  74  9:05  Widow Mine  
  74  9:09  Marine  
  68  9:11  Marine  
  68  9:14  Marauder  
Show
View Real Time Build Order
Export as new Build Order

Rodzyn Terran 

Build Orders:  

Get SALT Encoding   

Show
View Real Time Build Order
Export as new Build Order

soul Terran 

Build Orders:  

Get SALT Encoding   

Tags
 
Add a new tag
Caveats
  • Supply blocks, unpowered buildings, or Contaminate may cause inaccurate times.
  • Supply counts are checked every 10 seconds.